 Dungeon Crawl Stone Soup version 0.13.0-13-g27bfa31 (webtiles) character file.

137 Kejsarherre the Chopper (level 4, -5/40 HPs)
             Began as a Minotaur Berserker on Oct 19, 2013.
             Was a Believer of Trog.
             Killed from afar by an orc wizard (13 damage)
             ... with a puff of flame
             ... on Level 3 of the Dungeon.
             The game lasted 00:02:44 (1550 turns).

Kejsarherre the Chopper (Minotaur Berserker)        Turns: 1550, Time: 00:02:45

HP  -5/40        AC  5     Str 21 (22) XL: 4   Next: 32%
MP   1/1         EV 10     Int  4      God: Trog [**....]
Gold 47          SH  0     Dex 10      Spells:  0 memorised,  3 levels left

Res.Fire  : . . .   See Invis. : .   a - +0 hand axe {=f}
Res.Cold  : . . .   Warding    : .   m - +0 ring mail
Life Prot.: . . .   Conserve   : .   (no shield)
Res.Poison: .       Res.Corr.  : .   (helmet restricted)
Res.Elec. : .       Clarity    : .   (no cloak)
Sust.Abil.: . .     Spirit.Shd : .   (no gloves)
Res.Mut.  : .       Stasis     : .   (no boots)
Res.Rott. : .       Flight     : .   (no amulet)
Saprovore : . . .                    (no ring)
                                     (no ring)

@: regenerating, quite resistant to hostile enchantments, extremely unstealthy
A: retaliatory headbutt, horns 2
a: Burn Spellbooks, Berserk, Trog's Hand, Renounce Religion


You were on level 3 of the Dungeon.
You worshipped Trog.
Trog was pleased with you.
You were very hungry.

You visited 1 branch of the dungeon, and saw 3 of its levels.

You collected 27 gold pieces.

Inventory:

Hand weapons
 a - a +0,+0 hand axe (weapon) {=f}
Armour
 m - a +0 ring mail (worn)
Comestibles
 c - 2 bread rations
 h - a meat ration
 o - 13 strawberries
Scrolls
 e - 5 scrolls of identify {unknown}
 g - 2 scrolls of remove curse {unknown}
 i - 2 scrolls of recharging {unknown}
 j - a scroll of noise {unknown}
 l - a scroll of teleportation {unknown}
 n - a scroll of enchant weapon II {unknown}
 p - a scroll of amnesia {unknown}
Potions
 b - a potion of blood {unknown}
 d - 4 potions of curing {unknown}
 f - a potion of speed {unknown}
 k - 2 potions of heal wounds {unknown}
 q - a potion of might {unknown}


   Skills:
 + Level 5.0 Fighting
 + Level 5.2 Axes
 - Level 2.4 Armour
 - Level 2.1 Dodging


You had 3 spell levels left.
You didn't know any spells.

Dungeon Overview and Level Annotations

Branches:
Dungeon (3/27)

Altars:


Innate Abilities, Weirdness & Mutations

You reflexively headbutt those who attack you in melee.
You have a pair of horns on your head.


Message History

You hit the orc.
You kill the orc!
Trog accepts your kill.
Your skin stops crawling.
You feel less resistant to hostile enchantments.
It drops an orcish dagger.
It picks up an orcish flail.
You hit it.
The orc throws an orcish hand axe.
The orcish hand axe misses you.
It picks up an orcish dagger.
You closely miss it. You headbutt it! It hits you.
* * * LOW HITPOINT WARNING * * *
Use which ability? (? or * to list)
Your skin crawls.
You feel resistant to hostile enchantments.
You feel slightly more hungry.
You barely miss it. Your headbutt misses it. It hits you.
* * * LOW HITPOINT WARNING * * *
You miss it. You headbutt it.
You hear some strange, mumbled words.
The puff of flame hits you!
You die...

#.# #.#
#####.####
#........#
#.###.....#
##.###.###.#
#......# ...
#..#.###
#.######
##....#
#...@[o#
....###.#
###.##o######
###.....#
#.##......#
#.###.#
###.##.####.#
#...#
#...##.#
###.###
###.####o#
#.(.# #...#
#o.
##...###.###
#.#
#........#
.{#


You could see 2 orcs.

Vanquished Creatures
  A worker ant zombie (D:2)
  3 adders
  A worm (D:2)
  An ooze (D:2)
  2 orcs (D:3)
  6 goblins
  5 hobgoblins
  A quokka (D:2)
  A bat (D:1)
  2 giant geckos
  A giant newt (D:1)
  A goblin skeleton (D:2)
  A goblin zombie (D:2)
  10 kobolds
  2 orc zombies (D:2)
  6 rats
  A rat zombie (D:2)
45 creatures vanquished.

Notes
Turn   | Place    | Note
--------------------------------------------------------------
     0 | D:1      | Kejsarherre, the Minotaur Berserker, began the quest for the Orb.
     0 | D:1      | Reached XP level 1. HP: 19/19 MP: 0/0
   277 | D:1      | Reached skill level 4 in Axes
   277 | D:1      | Reached XP level 2. HP: 13/26 MP: 0/0
   692 | D:2      | Reached XP level 3. HP: 19/33 MP: 1/1
   863 | D:2      | Acquired Trog's second power
  1173 | D:2      | Reached skill level 5 in Axes
  1215 | D:2      | Reached XP level 4. HP: 35/40 MP: 1/1
  1488 | D:3      | Reached skill level 5 in Fighting
  1550 | D:3      | Killed from afar by an orc wizard

Action                   |  1- 3 |  4- 6 || total
-------------------------+-------+-------++-------
Melee: Hand axe          |    75 |    30 ||   105
Invok: Berserk           |     1 |       ||     1
       Trog's Hand       |       |     2 ||     2
